 Dungeon Sprint DCSS version 0.21.1-1-g345015f (webtiles) character file.

866 Fang the Fighter (level 7, -16/78 HPs)
             Began as a Minotaur Berserker on June 14, 2018.
             Was a Priest of Trog.
             Demolished by a merfolk
             ... wielding a +0 long sword of electrocution
              (19 damage)
             ... in the Dungeon (Sprint V: "Ziggurat Sprint").
             The game lasted 00:01:31 (216 turns).

Fang the Fighter (Minotaur Berserker)                Turns: 216, Time: 00:01:32

Health: -16/78     AC: 18    Str: 28    XL:     7   Next: 72%
Magic:  6/6        EV: 12    Int:  4    God:    Trog [***...]
Gold:   0          SH:  0    Dex: 13    Spells: 6/6 levels left

rFire    . . .     SeeInvis .   l - +5 demon trident
rCold    . . .     Gourm    .   (no shield)
rNeg     . . .     Faith    .   j - +5 shadow dragon scales
rPois    .         Spirit   .   (helmet restricted)
rElec    .         Reflect  .   (no cloak)
rCorr    .         Harm     .   (no gloves)
MR       .....     NoTele   +   (no boots)
Stlth    ++........             (no amulet)
HPRegen  0.23/turn              G - ring of flight
MPRegen  0.10/turn              A - ring of Xom's Displeasure {Str+4 Dex+4}

@: berserk cooldown, slowed, very slow
A: retaliatory headbutt, horns 2
a: Berserk, Trog's Hand, Burn Spellbooks, Renounce Religion, Evoke Flight


You were in the Dungeon.
You worshipped Trog.
Trog was most pleased with you.
You were hungry.

You visited 1 branch

Inventory:

Hand Weapons
 k - a +5 executioner's axe
 l - a +5 demon trident (weapon)
Armour
 j - +5 shadow dragon scales (worn)
Jewellery
 A - the ring of Xom's Displeasure (right hand) {Str+4 Dex+4}
   (You found it in the Dungeon)

   [ring of dexterity]

   It affects your strength (+4).
   It affects your dexterity (+4).
 G - a ring of flight (left hand)
Wands
 x - a wand of disintegration (7)
 y - a wand of iceblast (7)
 z - a wand of acid (7)
Scrolls
 i - 4 scrolls of blinking
 m - 7 scrolls of fog
 o - 5 scrolls of identify
 p - 5 scrolls of remove curse
 q - 2 scrolls of fear
Potions
 d - 10 potions of curing
 e - 8 potions of heal wounds
 f - 6 potions of haste
 g - 7 potions of magic
 h - 3 potions of berserk rage
 r - 2 potions of brilliance
 s - 2 potions of invisibility
 t - 4 potions of resistance
 u - a potion of experience
 v - 5 potions of agility
 w - 5 potions of might
Miscellaneous
 a - a phial of floods
 B - a lamp of fire
Comestibles
 b - 5 chunks of flesh
 c - 7 rations


   Skills:
 + Level 12.5 Fighting
 + Level 12.1(12.5) Axes
 + Level 5.1(9.5) Polearms
 + Level 7.3 Armour
 + Level 6.4 Dodging


You had 6 spell levels left.
You didn't know any spells.

Dungeon Overview and Level Annotations

Branches:
Dungeon (1/1)

Altars:
Ashenzari
Cheibriados
Dithmenos
Elyvilon
Fedhas
Gozag
Hepliaklqana
Kikubaaqudgha
Makhleb
Nemelex Xobeh
Okawaru
Qazlal
Ru
Sif Muna
Trog
Uskayaw
Vehumet
Wu Jian
Xom
Yredelemnul
Zin
The Shining One
Beogh
Jiyva
Lugonu

Annotations:
D 1 transporter


Innate Abilities, Weirdness & Mutations

You reflexively headbutt those who attack you in melee.
You have a pair of horns on your head.


Message History

You hit the merfolk. You headbutt the merfolk.
The merfolk is lightly wounded.
The merfolk hits you with a trident. The merfolk misses you.
You furiously retaliate!
You headbutt the merfolk!
Unknown command.
You closely miss the merfolk.
The merfolk is moderately wounded.
The merfolk hits you with a trident.
The merfolk hits you with a +0 long sword of electrocution!
* * * LOW HITPOINT WARNING * * *
You are electrocuted!
* * * LOW HITPOINT WARNING * * *
The merfolk hits you with a trident.
* * * LOW HITPOINT WARNING * * *
You impale the merfolk!! Your headbutt misses the merfolk.
The merfolk is severely wounded.
The merfolk hits you with a +0 long sword of electrocution.
* * * LOW HITPOINT WARNING * * *
You are electrocuted!
You die...

▓▓▓▓▓▓▓▓▓▓▓▓▓▓▓▓▓▓▓
▓.8©8.▓.8©8.▓.8©8.▓
▓.)):.▓..)=.▓.....▓
▓.....▓.....▓.}...▓
▓.....▓.....▓.....▓
▓..m..▓.))÷.▓.....▓
▓.m@..▓.....▓..©..▓
▓..©..▓..©..▓▓▓▓▓▓▓
▓▓▓▓▓▓▓▓▓▓▓▓▓


You could see 2 merfolk.

Vanquished Creatures
  2 merfolk (D)
  2 spriggans (D)
  A black bear (D)
  2 mummies (D)
7 creatures vanquished.

Notes
Turn   | Place    | Note
-------+----------+-------------------------------------------
     0 | D        | Found the +6 Majin-Bo {vamp, Archmagi MP+6 Int+6}
     0 | D        | Found the +7 great mace "Firestarter" {inner flame, rF++}
     0 | D        | Fang the Minotaur Berserker began the quest for the Orb.
     0 | D        | Reached XP level 1. HP: 19/19 MP: 0/0
     3 | D        | Found a blossoming altar of Fedhas.
     4 | D        | Found a viscous altar of Jiyva.
     4 | D        | Found a hazy altar of Hepliaklqana.
     4 | D        | Found a transporter.
     4 | D        | Found an opulent altar of Gozag.
     4 | D        | Found an ancient bone altar of Kikubaaqudgha.
     4 | D        | Found a corrupted altar of Lugonu.
    10 | D        | Found a burning altar of Makhleb.
    11 | D        | Found a stormy altar of Qazlal.
    11 | D        | Found a sacrificial altar of Ru.
    11 | D        | Found an iron altar of Okawaru.
    11 | D        | Found a deep blue altar of Sif Muna.
    11 | D        | Found a sparkling altar of Nemelex Xobeh.
    11 | D        | Found a bloodstained altar of Trog.
    75 | D        | Entered arena 2.
    75 | D        | Found a transporter.
    78 | D        | Reached skill level 5 in Fighting
    78 | D        | Reached XP level 2. HP: 29/29 MP: 1/1
    79 | D        | Reached skill level 5 in Axes
   133 | D        | Entered arena 3.
   133 | D        | Noticed a spriggan
   133 | D        | Noticed a spriggan
   133 | D        | Noticed a black bear
   133 | D        | Found a transporter.
   138 | D        | Killed a spriggan
   138 | D        | Reached ** piety under Trog
   138 | D        | Reached skill level 1 in Polearms
   138 | D        | Reached XP level 3. HP: 42/42 MP: 2/2
   138 | D        | Reached XP level 4. HP: 50/50 MP: 3/3
   138 | D        | Reached XP level 5. HP: 57/57 MP: 4/4
   140 | D        | Killed a spriggan
   140 | D        | Reached skill level 10 in Fighting
   140 | D        | Reached skill level 10 in Axes
   140 | D        | Reached skill level 5 in Armour
   140 | D        | Reached skill level 5 in Dodging
   140 | D        | Reached XP level 6. HP: 67/67 MP: 5/5
   153 | D        | Got the ring of Xom's Displeasure {Str+4 Dex+4}
   193 | D        | Entered arena 4.
   193 | D        | Noticed a merfolk
   193 | D        | Noticed a merfolk
   193 | D        | Noticed a merfolk
   193 | D        | Noticed a merfolk
   193 | D        | Found a transporter.
   198 | D        | Killed a merfolk
   198 | D        | Reached XP level 7. HP: 75/75 MP: 6/6
   208 | D        | Killed a merfolk
   208 | D        | Reached *** piety under Trog
   208 | D        | Reached skill level 5 in Polearms
   216 | D        | HP: 3/78 [merfolk/+0 long sword of electrocution (6)]
   216 | D        | Demolished by a merfolk

Skill      XL: |  1  2  3  4  5  6  7 |
---------------+----------------------+-----
Fighting       | 5 9 10 11 12 | 12.5
Axes           | 4 8 10 11 12 | 12.1
Armour         | 3 4 5 6 7 |  7.3
Dodging        | 4 5 6 |  6.4
Polearms       | 1 2 4 5 |  5.1

Action                   |  1- 3 |  4- 6 |  7- 9 || total
-------------------------+-------+-------+-------++-------
Melee: Demon trident     |     5 |     6 |    10 ||    21
       Headbutt          |     2 |       |     4 ||     6
Invok: Berserk           |     2 |     1 |       ||     3
  Use: Scroll            |       |     1 |       ||     1
       Potion            |       |       |     2 ||     2
Armor: Shadow dragon sca |     1 |     8 |     9 ||    18
Dodge: Dodged            |     2 |     5 |    15 ||    22
